 Dungeon Crawl Stone Soup version 0.28-a0-1429-gf3d713df7a (webtiles) character file.

Game seed: 10626178338104729665

81 zap2161 the Poker (level 4, -2/34 HPs)
             Began as a Merfolk Gladiator on Jan 8, 2022.
             Slain by a gnoll (8 damage)
             ... on level 2 of the Dungeon.
             The game lasted 00:09:37 (876 turns).

zap2161 the Poker (Merfolk Gladiator)                Turns: 876, Time: 00:09:38

Health: -2/34      AC: 10    Str: 14    XL:     4   Next: 40%
Magic:  4/4        EV: 12    Int:  7    God:
Gold:   62         SH:  0    Dex: 17    Spells: 3/3 levels left

rFire   . . .      SeeInvis .   a - +0 trident
rCold   . . .      Faith    .   (no shield)
rNeg    . . .      Spirit   .   k - +0 ring mail
rPois   .          Reflect  .   c - +0 helmet
rElec   .          Harm     .   (no cloak)
rCorr   .          Rampage  .   (no gloves)
Will    .....                   (no boots)
Stlth   +.........              (no amulet)
HPRegen 0.11/turn               o - +4 ring of protection
MPRegen 0.09/turn               (no ring)

@: no status effects
A: (nimble swimmer 2), mertail
a: no special abilities


You were on level 2 of the Dungeon.
You visited 1 branch of the dungeon, and saw 2 of its levels.

You collected 62 gold pieces.

Inventory:

Hand Weapons
 a - a +0 trident (weapon)
 e - a +0 great sword
Missiles
 d - a throwing net (quivered)
 i - 11 arrows
 l - 35 stones
Armour
 b - a +0 leather armour
 c - a +0 helmet (worn)
 k - a +0 ring mail (worn)
Jewellery
 o - a +4 ring of protection (left hand)
Scrolls
 h - a scroll of teleportation {unknown}
 j - a scroll of identify
 n - a scroll of fear {unknown}
Potions
 f - a potion of lignification {unknown}
 g - 2 potions of curing
 m - a potion of magic {unknown}


   Skills:
 * Level 2.9 Fighting
 * Level 6.1 Polearms
 * Level 2.3 Throwing
 * Level 4.5 Dodging
 + Level 0.1 Stealth


You had 3 spell levels left.
You didn't know any spells.
Your spell library was empty.

Dungeon Overview and Level Annotations

Branches:
Dungeon (2/15)

Altars:


Innate Abilities, Weirdness & Mutations

((You are very nimble when in or above water. (Stealth+, EV+, Speed+++)))
Your lower body shifts to a powerful aquatic tail in water.


Message History

Press: ? - help, Dir - move target, f/p - quokka
Aim: a quokka (almost dead, about 47% to evade your +0 trident)
You puncture the quokka!
You kill the quokka!
Found a blackened glass ring and 14 stones.
o - a +4 ring of protection
l - 35 stones (gained 14)
You now have 62 gold pieces (gained 9).
o - a +4 ring of protection (left hand)
The gnoll shouts!
You hear a shout!
A gnoll comes into view. It is wielding a +0 whip.
Reach: a) +0 trident
Press: ? - help, Dir - move target, f - gnoll
Aim: a gnoll, wielding a +0 flail (about 34% to evade your +0 trident)
You reach to attack!
You barely miss the gnoll.
Reach: a) +0 trident
Press: ? - help, Dir - move target, f/p - gnoll
Aim: a gnoll, wielding a +0 flail (about 34% to evade your +0 trident)
You closely miss the gnoll. The gnoll closely misses you.
Reach: a) +0 trident
Press: ? - help, Dir - move target, f - gnoll, p - gnoll
Aim: a gnoll, wielding a +0 whip (about 34% to evade your +0 trident)
The gnoll is in the way.
You hit the gnoll.
The gnoll is lightly wounded.
The gnoll hits you with a +0 flail!
* * * LOW HITPOINT WARNING * * *
The gnoll shouts!
The gnoll closely misses you.
Reach: a) +0 trident
Press: ? - help, Dir - move target, f/p - gnoll
Aim: a gnoll, wielding a +0 whip (about 34% to evade your +0 trident)
You closely miss the gnoll. The gnoll hits you with a +0 flail.
* * * LOW HITPOINT WARNING * * *
The gnoll barely misses you.
Reach: a) +0 trident
Press: ? - help, Dir - move target, f/p - gnoll
Aim: a gnoll, wielding a +0 whip (about 34% to evade your +0 trident)
You barely miss the gnoll. The gnoll closely misses you.
The gnoll hits you with a +0 whip!
You die...

##.......#.##.#
#.............#
#############.........##..)
##..........##.........##.##
##............#.........##...
#..............†.g..........#
#...............>...........#
#...........gg.#......####.##
#...........@..#......# ..#
#..............#......# ###
##............##........
##..........###.......#
############ ....


You could see 3 gnolls.

Vanquished Creatures
  A gnoll (D:2)
  2 adders (D:2)
  A worm (D:2)
  A dart slug (D:2)
  6 ball pythons
  3 bats
  3 endoplasms
  A giant cockroach (D:2)
  8 goblins
  A hobgoblin (D:1)
  3 jackals (D:2)
  3 kobolds (D:1)
  3 quokkas
  2 frilled lizards
  9 rats
47 creatures vanquished.

Notes
Turn   | Place    | Note
-------+----------+-------------------------------------------
     0 | D:1      | zap2161 the Merfolk Gladiator began the quest for the Orb.
     0 | D:1      | Reached XP level 1. HP: 16/16 MP: 1/1
   109 | D:1      | Reached XP level 2. HP: 16/23 MP: 2/2
   199 | D:1      | Reached skill level 5 in Polearms
   246 | D:1      | Reached XP level 3. HP: 7/28 MP: 3/3
   570 | D:2      | HP: 1/28 [giant cockroach (1)]
   677 | D:2      | Reached XP level 4. HP: 10/34 MP: 4/4
   708 | D:2      | Reached skill level 6 in Polearms
   876 | D:2      | Slain by a gnoll

Illustrated notes

Levels and vault maps discovered:
D:1:      saegor_arrival_simple_d, layout_rooms, minmay_small_reverse_x
D:2:      layout_rooms, basic_altar

Skill      XL: |  1  2  3  4 |
---------------+-------------+-----
Polearms       | 5 6 |  6.1
Fighting       | |  2.9
Throwing       | |  2.3
Dodging        | |  4.5
Stealth        | |  0.1

Action                   |  1- 3 |  4- 6 || total
-------------------------+-------+-------++-------
Melee: Trident           |   120 |    38 ||   158
       Punch             |     1 |       ||     1
Throw: Throwing net      |     3 |     3 ||     6
  Use: Scroll            |     2 |       ||     2
 Stab: Sleeping          |     1 |       ||     1
Armor: Leather armour    |    29 |       ||    29
       Ring mail         |     3 |     8 ||    11
Dodge: Dodged            |   106 |    19 ||   125

Table legend: (Time is in decaauts)
 A = Elapsed time spent in this place.
 B = Non-inter-level travel time spent in this place.
 C = Inter-level travel time spent in this place.
 D = Time resting spent in this place.
 E = Time spent auto-exploring this place.
 F = Levels seen in this place.
 G = Mean time per level.
                   A        B        C        D        E       F      G
               +--------+--------+--------+--------+--------+-----+--------+
         Total |    879 |    879 |      0 |      0 |      0 |   2 |  439.5 |
       Dungeon |    879 |    879 |      0 |      0 |      0 |   2 |  439.5 |
               +--------+--------+--------+--------+--------+-----+--------+

Top non-repeatable levels by time:
     D:1: 514 daAuts
     D:2: 365 daAuts
